 Dungeon Crawl Stone Soup version 0.30-a0-862-g1aabd4f9c5 (webtiles) character file.

Game seed: 3922201444453593925

83 Aneyh the Trooper (level 4, -3/30 HPs)
             Began as a Tengu Monk on Mar 9, 2023.
             Slain by Grinder (8 damage)
             ... on level 3 of the Dungeon.
             The game lasted 00:01:44 (1218 turns).

Aneyh the Trooper (Tengu Monk)                      Turns: 1218, Time: 00:01:45

Health: -3/30      AC:  3    Str: 13    XL:     4   Next: 44%
Magic:  5/5        EV: 13    Int: 11    God:
Gold:   60         SH:  0    Dex: 16    Spells: 3/3 levels left

rFire   . . .      SeeInvis .    g - +2 short sword (elec)
rCold   . . .      Faith    .    (no shield)
rNeg    . . .      Spirit   .    e - +0 leather armour
rPois   .          Reflect  .    (helmet restricted)
rElec   .          Rampage  .    (no cloak)
rCorr   .                        (no gloves)
Will    .....                    (boots unavailable)
Stlth   ++                       (no amulet)
HPRegen 0.25/turn                (no ring)
MPRegen 0.09/turn                (no ring)

@: no status effects
A: beak, talons 3
a: no special abilities


You were on level 3 of the Dungeon.
You visited 1 branch of the dungeon, and saw 3 of its levels.

You collected 60 gold pieces.

Inventory:

Hand Weapons
 a - a +0 spear
 g - a +2 short sword of electrocution (weapon)
 r - a +1 dagger of speed
Missiles
 l - 3 javelins (quivered)
Armour
 b - a +0 robe
 e - a +0 leather armour (worn)
Scrolls
 d - 3 scrolls of teleportation {unknown}
 f - a scroll of immolation {unknown}
 i - 2 scrolls of enchant weapon {unknown}
 m - a scroll of torment {unknown}
 n - a scroll of magic mapping {unknown}
 o - a scroll of butterflies {unknown}
 q - a scroll of identify {unknown}
Potions
 c - a potion of ambrosia
 h - a potion of heal wounds {unknown}
 j - a potion of flight {unknown}
 k - a potion of attraction {unknown}
 p - a potion of cancellation {unknown}


   Skills:
 + Level 4.9 Fighting
 - Level 3.4 Polearms
 - Level 3.4 Dodging
 - Level 2.0 Stealth


You had 3 spell levels left.
You didn't know any spells.
Your spell library contained the following spells:

 Spells                   Type           Power      Damage    Failure   Level
 Magic Dart               Conj           0%         1d3       41%         1
 Sandblast                Erth           0%         2d4       41%         1
 Call Imp                 Summ           0%         N/A       56%         2
 Passwall                 Tmut/Erth      0%         N/A       56%         2
 Mephitic Cloud           Conj/Pois/Air  0%         N/A       80%         3
 Stone Arrow              Conj/Erth      0%         3d7       80%         3


Dungeon Overview and Level Annotations

Branches:
Dungeon (3/15)

Altars:

Annotations:
D:1 1 transporter
D:3 Grinder


Innate Abilities, Weirdness & Mutations

You have a beak for a mouth.
You have claws for feet.


Message History

Done exploring.
Done exploring.
No target in view!
No target in view!
There is an escape hatch in the floor here.
You slide downwards.
The hatch slams shut behind you.
You hear the sound of rushing water.
There is an entrance to a sewer on this level.
Hurry and find it before the portal rusts away!
Found a spear.
Grinder comes into view.
Found a scroll labelled ZIERAE OROOF.
Grinder shouts!
Okay, then.
Grinder hits you!
You writhe in agony.
You hit Grinder. Lightning courses through Grinder!
You claw Grinder, but do no damage.
Grinder is heavily wounded.
Grinder blinks!
No target in view!
Grinder gestures at you.
You barely resist. You closely miss Grinder.
Grinder is heavily wounded.
Grinder gestures at you. You resist with significant effort.
You barely miss Grinder. You claw Grinder, but do no damage.
Your peck misses Grinder.
Grinder is heavily wounded.
Grinder barely misses you.
You hit Grinder. You claw Grinder. Your peck misses Grinder.
Grinder is heavily wounded.
Grinder barely misses you.
You barely miss Grinder.
Grinder is heavily wounded.
Grinder hits you!
You writhe in agony.
* * * LOW HITPOINT WARNING * * *
You hit Grinder. Lightning courses through Grinder!
Grinder is severely wounded.
Grinder hits you!
You die...

#### ## #.. .#
######5#####)####
#...?.@.........#
#.####.##.#......
#........#
####....## #.####
#.#####..
###........
#.......##.
#.......#


You could see Grinder.

Vanquished Creatures
  2 adders (D:2)
  2 worms (D:2)
  6 dart slugs
  A ball python (D:1)
  An endoplasm (D:2)
  6 goblins
  5 hobgoblins (D:1)
  4 jackals (D:1)
  4 quokkas
  3 bats (D:1)
  3 frilled lizards
  8 kobolds
  4 rats
49 creatures vanquished.

Notes
Turn   | Place    | Note
-------+----------+-------------------------------------------
     0 | D:1      | Aneyh the Tengu Monk began the quest for the Orb.
     0 | D:1      | Reached XP level 1. HP: 14/14 MP: 2/2
    76 | D:1      | Reached XP level 2. HP: 19/19 MP: 3/3
   212 | D:1      | Reached XP level 3. HP: 22/24 MP: 4/4
   255 | D:1      | Reached skill level 4 in Fighting
   925 | D:2      | Reached XP level 4. HP: 30/30 MP: 5/5
  1208 | D:3      | Noticed Grinder
  1218 | D:3      | Slain by Grinder

Illustrated notes

Levels and vault maps discovered:
D:1:      spicycebolla_arrival_transporter_tutorial, layout_rooms,
          minmay_octomino_e4
D:2:      layout_loops_ring
D:3:      layout_loops_cross, cheibrodos_sewer_entry_bend, minmay_ruptured,
          uniq_robin, uniq_grinder

Skill      XL: |  1  2  3 |
---------------+----------+-----
Fighting       | 4 |  4.9
Polearms       | |  3.4
Dodging        | |  3.4
Stealth        | |  2.0

Action                     |  1- 3 |  4- 6 || total
---------------------------+-------+-------++-------
  Melee: Spear             |    16 |       ||    16
         Kick              |    11 |     8 ||    19
         Peck              |    11 |     1 ||    12
         Short sword       |    61 |    28 ||    89
         Punch             |     1 |       ||     1
   Stab: Sleeping          |     2 |     4 ||     6
         Distracted        |     1 |       ||     1
 Armour: Leather armour    |    13 |       ||    13
  Dodge: Dodged            |    42 |    10 ||    52

Table legend: (Time is in decaauts)
 A = Elapsed time spent in this place.
 B = Non-inter-level travel time spent in this place.
 C = Inter-level travel time spent in this place.
 D = Time resting spent in this place.
 E = Time spent auto-exploring this place.
 F = Levels seen in this place.
 G = Mean time per level.
                   A        B        C        D        E       F      G
               +--------+--------+--------+--------+--------+-----+--------+
         Total |   1216 |   1150 |     66 |      0 |    872 |   3 |  405.3 |
       Dungeon |   1216 |   1150 |     66 |      0 |    872 |   3 |  405.3 |
               +--------+--------+--------+--------+--------+-----+--------+

Top non-repeatable levels by time:
     D:2: 649 daAuts
     D:1: 550 daAuts
     D:3: 15 daAuts
